 Dungeon Crawl Stone Soup version 0.16.1-30-g34a7ffa (webtiles) character file.

60 seba5609 the Covered (level 4, 0/29 HPs)
             Began as a Gargoyle Fighter on June 12, 2015.
             Slain by an ogre
             ... wielding a +0 giant club
              (24 damage)
             ... on level 3 of the Dungeon.
             The game lasted 00:04:04 (904 turns).

seba5609 the Covered (Gargoyle Fighter)              Turns: 904, Time: 00:04:04

Health: 0/29       AC: 10    Str: 24    XL:     4   Next: 4%
Magic:  4/4        EV:  7    Int: 10    God:
Gold:   90         SH: 10    Dex:  9    Spells: 0 memorised, 3 levels left

rFire  . . .     SeeInvis .     a - +0 flail
rCold  . . .     Clarity  .     b - +0 scale mail
rNeg   + . .     SustAb   .     c - +1 shield
rPois  ∞         Gourm    .     (no helmet)
rElec  +         Spirit   .     (no cloak)
rCorr  .         Warding  .     (no gloves)
rMut   .         Stasis   .     (no boots)
MR     .....                    (no amulet)
Stlth  ..........               (no ring)
                                (no ring)

@: mighty, not resistant to hostile enchantments, extremely unstealthy
A: negative energy resistance 1, electricity resistance, unbreathing,
petrification resistance, rot immunity, AC +3
a: no special abilities


You were on level 3 of the Dungeon.
You were not hungry.

You visited 1 branch of the dungeon, and saw 3 of its levels.

You collected 90 gold pieces.

Inventory:

Hand weapons
 a - a +0 flail (weapon)
Armour
 b - a +0 scale mail (worn)
 c - a +1 shield (worn)
Scrolls
 f - 5 scrolls of remove curse {unknown}
 g - 3 scrolls of magic mapping {unknown}
 h - a scroll of recharging {unknown}
 i - 2 scrolls of amnesia {unknown}
 k - 2 scrolls of fear {unknown}
 o - a scroll of noise {unknown}
Potions
 l - a potion of restore abilities {unknown}
 n - a potion of curing {unknown}
Comestibles
 d - 3 bread rations
 j - 2 chunks of flesh


   Skills:
 + Level 3.8 Fighting
 + Level 2.8 Maces & Flails
 + Level 3.8 Armour
 + Level 3.7 Shields


You had 3 spell levels left.
You didn't know any spells.

Dungeon Overview and Level Annotations

Branches:
Dungeon (3/15)

Altars:

Annotations:
D:2 Sigmund


Innate Abilities, Weirdness & Mutations

You are resistant to torment.
You are immune to poison.
Your stone body is very resilient (AC +3).
You resist negative energy.
You are resistant to electric shocks.
You can survive without breathing.
You are immune to petrification.
You are immune to rotting.


Message History

You closely miss the goblin. The goblin barely misses you.
Drink which item? (? for menu, Esc to quit)
You feel very mighty all of a sudden. The goblin hits you but does no damage.
You barely miss the goblin. You block the goblin's attack.
Your shield and scale mail prevent you from hitting the goblin.
The goblin hits you but does no damage. You block the goblin's attack.
You closely miss the goblin. The goblin hits you but does no damage.
You closely miss the goblin. You block the goblin's attack.
You barely miss the goblin. The goblin hits you but does no damage.
The goblin hits you but does no damage.
You barely miss the goblin. The goblin hits you with a dagger.
You sock the goblin!
You kill the goblin!
The quokka bites you but does no damage.
You thump the quokka!
You kill the quokka!
The ogre hits you with a giant club!!
Ouch! That really hurt!
You die...

..........####...##
..........'.†.....#
#.......).####...###
##.....<.##..†.....#
##.....###.##.....#
##...## #.######.#
##+# #.# #.#
#.######.#
#..@O....#
########.# #.# . #r#
[..###### #O#
.........######.#
#....O.r...#
#...######## #####


You could see an ogre.

Vanquished Creatures
  An adder (D:2)
  A worm (D:2)
  A giant gecko (D:1)
  2 oozes
  A giant cockroach (D:1)
  6 goblins
  9 hobgoblins
  3 jackals (D:3)
  A quokka (D:3)
  7 bats
  2 giant newts (D:1)
  A kobold (D:1)
  4 rats
39 creatures vanquished.

Notes
Turn   | Place    | Note
--------------------------------------------------------------
     0 | D:1      | seba5609, the Gargoyle Fighter, began the quest for the Orb.
     0 | D:1      | Reached XP level 1. HP: 14/14 MP: 1/1
    90 | D:1      | Reached XP level 2. HP: 17/19 MP: 2/2
   483 | D:1      | Reached XP level 3. HP: 21/23 MP: 3/3
   767 | D:2      | Noticed Sigmund
   857 | D:3      | Reached XP level 4. HP: 20/29 MP: 4/4
   878 | D:3      | Noticed an ogre
   904 | D:3      | Slain by an ogre

Action                   |  1- 3 |  4- 6 || total
-------------------------+-------+-------++-------
Melee: Flail             |   149 |    10 ||   159
  Use: Scroll            |     2 |       ||     2
       Potion            |       |     1 ||     1
